Map: [ESL] Dragon Scales

Players

Reynor - Winner!

  • Race: Zerg Zerg

Spirit

  • Race: Terran Terran

Event: IEM Katowice 2023

VOD

Have the link to the VOD?

Description

Time

  • Played on: Feb. 9, 2023, 7:53 a.m.
  • Length: 8:52

All games in this series

Show
View Real Time Build Order
Export as new Build Order

Reynor Zerg - Winner!

Build Orders: Hatch First 

Get SALT Encoding   

  12  0:00  Drone  
  13  0:11  Overlord  
  13  0:16  Drone  
  14  0:30  Drone x2  
  16  0:48  Hatchery  
  15  0:50  Drone  
  15  0:54  Drone  
  17  0:57  Drone  
  18  1:07  Extractor  
  17  1:12  Spawning Pool  
  17  1:16  Drone  
  17  1:19  Drone  
  18  1:27  Drone  
  19  1:38  Drone  
  20  1:48  Overlord  
  20  1:59  Queen x2  
  24  2:03  Drone x2  
  26  2:10  Drone  
  26  2:11  Drone  
  28  2:21  Drone  
  28  2:22  Drone  
  30  2:31  Drone  
  30  2:32  Drone  
  30  2:33  Hatchery  
  30  2:36  Queen  
  33  2:42  Overlord  
  33  2:43  Drone  
  34  2:49  Queen  
  36  2:54  Overlord  
  36  3:01  Drone  
  36  3:03  Drone  
  36  3:04  Drone  
  39  3:08  Drone x5  
  39  3:12  Overlord  
  44  3:17  Metabolic Boost  
  44  3:19  Drone  
  45  3:20  Drone  
  45  3:25  Queen  
  48  3:28  Drone  
  48  3:31  Drone  
  50  3:34  Queen  
  50  3:39  Drone x2  
  54  3:44  Overlord  
  54  3:46  Zergling x2  
  54  3:47  Zergling x4  
  57  3:51  Drone  
  57  3:52  Drone  
  59  3:56  Overlord  
  59  3:58  Drone x3  
  59  4:01  Drone  
  63  4:04  Drone  
  63  4:07  Queen  
  63  4:08  Drone  
  67  4:10  Queen  
  67  4:12  Overlord  
  67  4:15  Drone  
  70  4:18  Drone  
  70  4:20  Lair  
  71  4:24  Drone x2  
  71  4:26  Baneling Nest  
  71  4:28  Extractor, Drone  
  72  4:34  Drone  
  72  4:36  Drone  
  72  4:38  Drone  
  75  4:39  Overlord  
  75  4:43  Zergling x4  
  77  4:46  Zergling x2  
  77  4:47  Hatchery, Queen  
  77  4:50  Drone x3  
  82  4:52  Overlord, Extractor  
  82  4:58  Drone  
  82  4:59  Zergling x6  
  85  5:00  Zergling x2  
  85  5:01  Zergling x2  
  85  5:02  Spore Crawler  
  85  5:06  Overlord  
  86  5:08  Drone  
  86  5:10  Evolution Chamber  
  86  5:11  Zergling x2, Evolution Chamber  
  85  5:17  Drone  
  85  5:19  Centrifugal Hooks  
  85  5:21  Baneling x4  
  86  5:24  Drone x6  
  86  5:25  Extractor  
  86  5:26  Drone  
  86  5:27  Extractor, Drone  
  86  5:28  Drone  
  93  5:30  Overlord  
  93  5:33  Overlord  
  93  5:35  Zergling x4  
  95  5:40  Zergling x2  
  96  5:46  Drone  
  96  5:47  Overlord  
  96  5:48  Zerg Ground Armor Level 1  
  97  5:50  Drone x4  
  97  5:52  Queen  
  97  5:54  Overlord  
  103  5:57  Zerg Melee Weapons Level 1  
  103  6:02  Zergling x10  
  108  6:04  Zergling x2  
  108  6:07  Queen, Zergling x2  
  108  6:09  Zergling x2  
  113  6:13  Baneling x7  
  113  6:15  Zergling x4  
  113  6:18  Zergling x2  
  116  6:20  Zergling x6  
  116  6:22  Zergling x4  
  116  6:23  Zergling x2  
  122  6:29  Queen  
  122  6:31  Overlord  
  118  6:34  Drone x3  
  118  6:38  Drone  
  118  6:41  Drone x2  
  118  6:42  Drone  
  118  6:43  Overlord  
  118  6:44  Drone  
  121  6:50  Drone x4  
  121  6:52  Zergling x2  
  121  6:54  Baneling x10  
  126  6:57  Zergling x4  
  126  7:01  Queen  
  123  7:02  Overseer  
  123  7:03  Pneumatized Carapace  
  123  7:04  Zergling x10  
  130  7:08  Zergling x4  
  123  7:16  Zergling x2  
  123  7:19  Zergling x10  
  123  7:23  Zergling x4  
  123  7:26  Zergling x4  
  123  7:27  Queen  
  129  7:31  Zergling x2  
  129  7:34  Zergling x8  
  129  7:35  Baneling x6  
  129  7:36  Baneling x7  
  134  7:37  Zergling x4  
  134  7:41  Drone  
  134  7:43  Drone  
  137  7:49  Drone x2  
  138  7:53  Zergling x2  
  138  7:54  Drone  
  138  7:57  Drone  
  143  7:59  Overlord x2  
  143  8:03  Infestation Pit  
  143  8:05  Drone  
  143  8:07  Overlord  
  143  8:08  Spore Crawler  
  143  8:11  Zergling x6  
  143  8:12  Overlord  
  143  8:17  Zergling x4  
  143  8:18  Zergling x6  
  148  8:20  Zergling x4  
  148  8:23  Overlord, Baneling x8  
  148  8:24  Drone  
  148  8:26  Extractor, Hydralisk Den  
  149  8:28  Drone x3  
  149  8:32  Zergling x4  
  149  8:33  Zergling x2  
  154  8:34  Zergling x2  
Show
View Real Time Build Order
Export as new Build Order

Spirit Terran 

Build Orders: Command Center First (CC) 

Get SALT Encoding   

  12  0:00  SCV  
  13  0:12  SCV  
  14  0:17  Supply Depot  
  14  0:24  SCV  
  15  0:38  SCV  
  16  0:50  SCV  
  17  0:59  Command Center  
  17  1:03  SCV  
  18  1:15  SCV  
  18  1:17  Barracks  
  19  1:23  Refinery  
  19  1:27  SCV  
  20  1:35  Barracks  
  20  1:39  SCV  
  21  1:45  Refinery  
  21  1:51  SCV  
  22  2:05  Marine, Orbital Command  
  23  2:14  Orbital Command  
  23  2:22  Marine  
  24  2:23  Marine  
  25  2:31  SCV  
  26  2:40  SCV  
  26  2:41  Barracks Tech Lab, Barracks Reactor  
  26  2:44  SCV  
  28  2:52  SCV  
  28  2:56  SCV  
  30  3:00  Marine, Stimpack  
  30  3:04  SCV  
  32  3:08  SCV  
  32  3:09  Factory, Supply Depot  
  33  3:16  SCV  
  33  3:17  Marine x3  
  37  3:20  SCV  
  38  3:29  Command Center  
  38  3:31  SCV  
  38  3:32  SCV  
  40  3:36  Marine  
  40  3:37  Supply Depot  
  40  3:39  Marine  
  40  3:41  Marine  
  42  3:43  SCV  
  42  3:47  SCV  
  45  3:54  Marine, Starport  
  45  3:55  Factory Reactor  
  46  3:59  SCV x2  
  46  4:01  Supply Depot  
  48  4:06  Marine  
  48  4:07  Marine  
  50  4:11  SCV x2  
  50  4:13  Refinery  
  50  4:15  Refinery  
  52  4:18  Marine  
  52  4:23  Marine, SCV x2, Supply Depot  
  56  4:25  Marine  
  56  4:27  Supply Depot  
  57  4:35  Marine, SCV  
  57  4:37  SCV  
  57  4:38  Medivac  
  62  4:40  Medivac  
  62  4:41  Marine  
  62  4:42  Factory Reactor  
  62  4:43  Marine  
  62  4:44  Combat Shield  
  66  4:47  Orbital Command  
  66  4:49  SCV  
  66  4:51  SCV  
  68  4:54  Marine  
  68  4:59  Marine  
  70  5:01  SCV  
  70  5:04  Engineering Bay x2  
  71  5:08  SCV  
  71  5:10  Marine  
  71  5:13  Orbital Command, Medivac, SCV  
  76  5:14  Supply Depot  
  76  5:15  Marine  
  76  5:17  Marine  
  76  5:20  SCV  
  79  5:24  Supply Depot  
  79  5:25  Widow Mine  
  79  5:26  SCV, Widow Mine  
  79  5:27  Marine  
  85  5:31  Terran Infantry Weapons Level 1  
  85  5:32  SCV  
  86  5:35  Terran Infantry Armor Level 1  
  86  5:38  SCV  
  86  5:44  Marine  
  86  5:45  Marine  
  86  5:49  Liberator x2  
  93  5:50  Marine, SCV  
  93  5:53  SCV  
  93  5:55  SCV, Widow Mine  
  94  6:02  Marine  
  94  6:03  Widow Mine, SCV  
  96  6:05  SCV  
  96  6:07  SCV  
  96  6:09  Bunker  
  98  6:15  SCV  
  98  6:18  Barracks, Supply Depot  
  99  6:19  Widow Mine  
  101  6:27  SCV  
  101  6:29  SCV  
  101  6:32  SCV  
  101  6:34  Marine  
  101  6:37  Marine  
  100  6:40  SCV  
  100  6:41  SCV  
  100  6:42  Widow Mine x2  
  100  6:44  SCV  
  102  6:47  Marine  
  102  6:52  SCV  
  102  6:53  Marine  
  102  6:54  Bunker, SCV  
  106  6:56  SCV  
  106  6:57  Marine  
  106  6:59  Armory  
  107  7:04  SCV  
  107  7:05  Marine  
  109  7:16  Marine x2, Widow Mine, SCV x3  
  109  7:18  Widow Mine  
  108  7:23  Marine, Medivac  
  108  7:28  SCV x2  
  109  7:31  SCV  
  109  7:34  Marine  
  109  7:36  Marine  
  112  7:38  Widow Mine  
  112  7:40  Barracks Reactor  
  112  7:41  Marine  
  109  7:44  SCV  
  109  7:45  Medivac  
  109  7:47  Barracks  
  109  7:48  Barracks  
  112  7:52  Marine  
  112  7:54  Marine  
  112  7:57  Medivac  
  116  7:58  Marine  
  117  8:08  Supply Depot x2  
  117  8:10  Marine  
  117  8:24  Barracks  
  117  8:27  Marine, Widow Mine x2, SCV  
  117  8:29  Marine, SCV x2  
  117  8:31  Marine  
  117  8:33  Supply Depot  
  117  8:34  Marine  
  127  8:39  SCV  

Tags
 
Add a new tag
Caveats
  • Supply blocks, unpowered buildings, or Contaminate may cause inaccurate times.
  • Supply counts are checked every 10 seconds.